 Dungeon Crawl Stone Soup version 0.28.0-61-g67df4f89a8 (webtiles) character file.

Game seed: 10156620486951976560

1471434 jjjjhere the Conqueror (level 26, 266/266 HPs)
             Began as a Minotaur Berserker on Feb 13, 2023.
             Was the Champion of Trog.
             Escaped with the Orb
             ... and 3 runes on Feb 15, 2023!
             The game lasted 02:53:57 (92630 turns).

jjjjhere the Conqueror (Minotaur Berserker)        Turns: 92630, Time: 02:53:58

Health: 266/266    AC: 39    Str: 31    XL:     26   Next: 57%
Magic:  22/22      EV: 18    Int:  6    God:    Trog [******]
Gold:   3401       SH: 22    Dex: 16    Spells: 25/25 levels left

rFire   + + .      SeeInvis +   T - +18 lance "Wyrmbane" {slay drac, rPois rF+ rC+ AC+3}
rCold   + + .      Faith    .   n - +0 kite shield of Laetuten {rN+ Slay+3 SInv}
rNeg    + . .      Spirit   .   g - +5 gold dragon scales
rPois   +          Reflect  +   R - +2 hat
rElec   .          Harm     .   I - +2 cloak
rCorr   .          Rampage  .   Q - +0 pair of gloves of Hide-and-Seek {+Blink Dex+5}
Will    +....                   G - +0 pair of boots {Fly}
Stlth   ..........              K - amulet of reflection
HPRegen 0.54/turn               C - +4 ring of slaying
MPRegen 0.18/turn               D - +4 ring of slaying

@: flying, studying Bows
A: horns 2, retaliatory headbutt, deformed body
0: Orb of Zot
}: 3/15 runes: decaying, serpentine, silver
a: Renounce Religion, Evoke Blink, Berserk, Trog's Hand, Brothers in Arms


You escaped.
You worshipped Trog.
Trog was exalted by your worship.
You visited 9 branches of the dungeon, and saw 48 of its levels.
You visited 1 bazaar.
You also visited: Bailey.

You collected 6487 gold pieces.
You spent 3086 gold pieces at shops.

Inventory:

Hand Weapons
 r - a +6 antimagic broad axe
 T - the +18 lance "Wyrmbane" (weapon) {slay drac, rPois rF+ rC+ AC+3}
   (You bought it in a shop on level 2 of the Orcish Mines)

   It inflicts extra damage against dragons and draconians.
   AC:        It affects your AC (+3).
   rF:        It protects you from fire.
   rC:        It protects you from cold.
   rPois:     It protects you from poison.
Missiles
 a - 10 throwing nets
 c - 70 poisoned darts
 l - 6 silver javelins
 A - 7 javelins
 U - 2 boomerangs (quivered)
 Y - 6 curare-tipped darts
Armour
 g - +5 gold dragon scales (worn)
 n - the +0 kite shield of Laetuten (worn) {rN+ Slay+3 SInv}
   (You acquired it on level 2 of the Orcish Mines)

   Slay:      It affects your accuracy & damage with ranged weapons and melee
   (+3).
   rN:        It protects you from negative energy.
   SInv:      It lets you see invisible.
 G - a +0 pair of boots of flying (worn)
 I - a +2 cloak (worn)
 O - the +0 pair of gloves "Meojeaqi" {+Inv rN++}
   (You found it on level 4 of the Lair of Beasts)

   rN:        It greatly protects you from negative energy.
   +Inv:      It lets you turn invisible.
 Q - the +0 pair of gloves of Hide-and-Seek (worn) {+Blink Dex+5}
   (You acquired it on level 3 of the Realm of Zot)

   Dex:       It affects your dexterity (+5).
   +Blink:    It lets you blink.
 R - a +2 hat (worn)
 Z - +3 storm dragon scales {Bai Suzhen}
Jewellery
 f - a ring of positive energy
 h - a +6 ring of intelligence
 q - a +4 ring of protection
 y - a ring of resist corrosion
 B - a ring of willpower
 C - a +4 ring of slaying (left hand)
 D - a +4 ring of slaying (right hand)
 K - an amulet of reflection (around neck)
 X - a ring of protection from cold
Wands
 m - a wand of iceblast (44)
 p - a wand of flame (95)
 v - a wand of charming (22)
 E - a wand of digging (18)
 J - a wand of acid (12)
 L - a wand of paralysis (18)
Scrolls
 b - 2 scrolls of holy word
 d - 10 scrolls of fog
 i - 10 scrolls of enchant weapon
 t - 4 scrolls of fear
 u - 9 scrolls of blinking
 F - 12 scrolls of teleportation
 H - a scroll of magic mapping
Potions
 e - 24 potions of curing
 j - 5 potions of haste
 k - 15 potions of heal wounds
 o - 6 potions of mutation
 s - a potion of invisibility
 w - 8 potions of might
 z - 5 potions of magic
 N - 6 potions of berserk rage
 S - 6 potions of ambrosia
 V - 4 potions of cancellation
 W - 3 potions of resistance
Miscellaneous
 M - a condenser vane
 P - a box of beasts


   Skills:
 O Level 27 Fighting
 - Level 17.5(17.6) Axes
 - Level 3.4(12.0) Polearms
 - Level 16.0 Throwing
 O Level 27 Armour
 + Level 23.0 Dodging
 + Level 24.0 Shields
 + Level 16.0 Evocations


You had 25 spell levels left.
You didn't know any spells.
Your spell library was empty.

Dungeon Overview and Level Annotations

Branches:
Dungeon (15/15)            Temple (0/1) D:6            Lair (6/6) D:9
  Swamp (4/4) Lair:2        Snake (4/4) Lair:4        Slime (0/5) Lair:6
    Orc (2/2) D:12            Elf (3/3) Orc:2        Vaults (5/5) D:13
  Crypt (0/3) Vaults:3     Depths (4/4) D:15            Zot (5/5) Depths:4
 Bailey (visited)

Altars:
Cheibriados
Dithmenos
Fedhas
Gozag
Hepliaklqana
Kikubaaqudgha
Makhleb
Okawaru
Ru
Sif Muna
Trog
Vehumet
Wu Jian
Xom
Yredelemnul
Zin
Beogh

Shops:
D:13 *   Orc:1 !*   Orc:2 !![=?(*!!   Elf:2 (   Elf:3 (=?=*   Snake:1 ?(*=
Vaults:1 !(   Vaults:2 !   Vaults:5 !?   Depths:1 (

Portals:
Hell: Depths:1 Depths:2 Depths:3* Depths:4
Abyss: Depths:1 Depths:2* Depths:3
Pandemonium: Depths:2
Ziggurat: Depths:4

Annotations:
D:4 2 transporters
D:6 3 runed translucent doors, nerdsy's ghost, novice DDFi
D:7 1 runed translucent door, exclusion: door, bronco's ghost, novice HuAK
Swamp:4 1 runed translucent door, Lernaean hydra
Orc:1 3 runed translucent doors, billybob123456's ghost, journeyman MiFi; nerdsy's ghost, journeyman DDFi
Depths:2 1 runed translucent door
Depths:3 1 runed door


Innate Abilities, Weirdness & Mutations

You have a pair of horns on your head.
You reflexively headbutt those who attack you in melee.
Armour fits poorly on your strangely shaped body.


Message History

You fly upwards.
Level annotation: 2 transporters
There is a stone staircase leading down here.
You feel the effects of Trog's Hand fading.
There is a stone staircase leading up here.
You start resting.
Your skin stops crawling.
You feel less strong-willed.
You start resting.
A green death comes into view.
You fly upwards.
There is a stone staircase leading down here.
(D) Dungeon (T) Temple (L) Lair (S) Swamp (P) Snake Pit (M) Slime Pits (O) Orcish Mines (E) Elven Halls (V) Vaults (C) Crypt (U) Depths (H) Hell (Z) Zot
Where to? (Enter - D:4 @ (x,y), ? - help)
What level of the Dungeon? (default 1, ? - help)
You see here a +0 club.
Things that are here:
a +0 whip; a +0 whip
There is a stone staircase leading up here.
You fly upwards.
There is a stone staircase leading down here.
Items here: )))).
There is a stone staircase leading up here.
You fly upwards.
There is a stone staircase leading down here.
You see here a rat skeleton.
HP restored.
There is a large open door here.
There is a staircase leading out of the dungeon here.
Unknown command.
Unknown command.
Enter note: woo
Enter note: MiBe classic
Enter note: way easier than caster
Enter note: wyrmbane got pretty strong at the end, though i missed axes a few times.
Okay, then.
You hear a grinding noise.
You have escaped!

.# #.##..............(.##.#.#
.# #.##..........##....##...#
.# #.##.......#...#.........#
.# #.##.......#..........)..##
.#
#.#####...#...............###
.## #.# #...................##.
..# #.# #...########...........
#.# #.# #################..##..
#.###.# ######@...#######......
#...#.# #>8≈≈'.|..'≈§§>##......
###.#.#
#######.88.#######...###
#.#.####.♣♣♣♣#....#♣♣......## #
#
#...#........##''##♣........###
#
#.........................#...(
#
#...........##..##........#....
#
#.#............................
#
#.#.........##.######.####.####


There were no monsters in sight!

Vanquished Creatures
  3 dread liches
  4 orbs of fire
  5 ancient liches
  Mara (Swamp:2)
  A juggernaut (Depths:4)
  Bai Suzhen (Swamp:2)
  Saint Roka (Snake:3)
  4 Killer Klowns (Zot:5)
  A curse toe (Zot:5)
  Vashnia (Snake:3)
  4 caustic shrikes
  11 golden dragons
  the Enchantress (D:15)
  2 electric golems (Zot:5)
  Asterion (Elf:2)
  19 tentacled monstrosities
  Jorgrun (Orc:2)
  26 Orb Guardians
  2 deep elf blademasters (Elf:3)
  5 liches
  13 quicksilver dragons
  2 deep elf master archers (Elf:3)
  5 titans
  An Executioner (Zot:5)
  10 death cobs
  Agnes (Lair:4)
  5 sphinxes
  3 tengu reavers
  Donald (Vaults:4)
  8 shadow dragons
  18 storm dragons
  5 draconian monks
  4 fire giants
  8 nagarajas
  3 orc warlords
  2 draconian knights
  16 vault wardens
  2 deep elf sorcerers
  8 frost giants
  An iron dragon (Depths:2)
  Louise (Depths:3)
  2 ghost moths (Zot:4)
  6 draconian scorchers
  Aizul (Snake:1)
  2 curse skulls
  3 deep elf elementalists (Elf:3)
  3 ghouls (Swamp:4)
  A broodmother (shapeshifter) (Vaults:3)
  A cacodemon (Depths:2)
  3 draconian annihilators
  6 draconian shifters
  3 draconian stormcallers
  4 spriggan defenders
  2 war gargoyles
  13 ironbound preservers
  3 vampire knights
  7 ironbound thunderhulks
  23 very ugly things
  16 stone giants
  13 deep elf demonologists
  9 yellow draconians
  17 dire elephants
  9 green draconians
  5 eleionomae
  4 red draconians
  Azrael (D:14)
  7 deep elf annihilators
  12 black draconians
  12 white draconians
  A spark wasp (shapeshifter) (D:15)
  3 entropy weavers
  10 purple draconians
  4 bunyips
  2 spark wasps (Depths:4)
  18 ettins
  A green death (Depths:2)
  9 deep elf death magi
  10 fire dragons
  6 deep elf high priests
  Josephine (D:15)
  A shambling mangrove (Swamp:3)
  2 jiangshi (Depths:1)
  11 yaktaur captains
  5 great orbs of eyes
  7 ice dragons
  A peacekeeper (Vaults:4)
  Harold (D:8)
  4 spriggan air magi
  Fannar (Lair:2)
  24 hydras
  20 naga warriors
  9 boulder beetles
  29 vault guards
  A radroach (shapeshifter) (Vaults:4)
  A rakshasa (Depths:2)
  2 ghost crabs (Swamp:1)
  8 ironbound frosthearts
  3 ogre magi
  3 salamander tyrants (Snake:4)
  2 catoblepae (D:13)
  18 centaur warriors
  8 alligators
  A merfolk avatar (Lair:6)
  21 anacondas
  24 dancing weapons
  6 death yaks
  8 two-headed ogres
  7 tengu warriors
  2 vampire magi
  11 orc high priests
  9 shock serpents
  6 deep troll shamans
  15 naga sharpshooters
  7 hell knights
  9 deep troll earth magi
  A spriggan berserker (Depths:4)
  Nergalle (Lair:4)
  8 soul eaters (Depths:3)
  10 deep elf knights
  3 skeletal warriors
  14 salamander mystics
  A sea snake (shapeshifter) (Vaults:5)
  A sun demon (Depths:3)
  A shadow wraith (Vaults:5)
  A sixfirhy (Depths:2)
  A glowing orange brain (shapeshifter) (D:14)
  5 glowing orange brains
  13 iron trolls
  3 goliath frogs
  A deep troll (shapeshifter) (Vaults:5)
  69 deep trolls
  An obsidian statue (Zot:1)
  A sea snake (Lair:6)
  2 shadow demons (Elf:2)
  2 spriggan druids
  11 swamp dragons
  10 naga ritualists
  5 bog bodies
  9 harpies
  5 phantasmal warriors
  13 deep elf archers
  11 wizards
  30 deep elf pyromancers
  20 lindwurms
  19 orc knights
  23 ironbound convokers
  4 necromancers
  23 mana vipers
  28 deep elf zephyrmancers
  24 salamanders
  3 manticores
  7 orc sorcerers
  4 oklob plants (Zot:1)
  A stone giant zombie (Vaults:4)
  4 elephants (Lair:6)
  2 cyclopes
  5 will-o-the-wisps
  49 ugly things
  34 moths of wrath
  17 naga magi
  20 vault sentinels
  59 black mambas
  A stone giant skeleton (Vaults:1)
  11 guardian serpents
  An ice statue (Lair:4)
  A torpor snail (Lair:4)
  An elf zombie (Vaults:4)
  An orange demon (D:14)
  22 cane toads
  8 unseen horrors
  A hellion (Depths:3)
  4 kobold demonologists
  An elf skeleton (Vaults:4)
  2 rime drakes
  9 komodo dragons
  A freezing wraith (Vaults:5)
  An efreet (D:15)
  4 tengu conjurers
  A yaktaur skeleton (Vaults:1)
  A human skeleton (Vaults:1)
  39 yaktaurs
  A spectral human (Depths:1)
  2 wind drakes (Lair:6)
  A queen bee (Lair:5)
  5 bloated husks
  17 hornets
  6 meliai
  5 trolls
  15 polar bears
  5 tyrant leeches
  A tarantella (Vaults:5)
  32 slime creatures
  A wind drake (shapeshifter) (Depths:4)
  Prince Ribbit (D:8)
  19 blink frogs
  6 dream sheep (Lair:3)
  3 snapping turtles (Lair:6)
  2 shadows (D:12)
  19 spriggans
  2 culicivoras
  5 wyverns
  6 air elementals
  An ettin skeleton (Vaults:4)
  5 basilisks
  5 water elementals
  9 wraiths
  A vampire (D:11)
  5 fire elementals
  A golden eye (D:12)
  32 yaks
  11 vampire mosquitoes
  A chaos spawn (Zot:5)
  4 steam dragons
  6 redbacks
  Menkaure (D:6)
  2 wargs
  55 nagas
  22 swamp worms
  21 water moccasins
  2 acid dragons
  A floating eye (Depths:4)
  3 hell hounds (D:6)
  4 ice beasts
  45 orc warriors
  8 swamp drakes
  11 black bears
  2 sky beasts
  A black bear (shapeshifter) (D:13)
  5 ogres
  10 boggarts
  4 necrophages (D:5)
  29 centaurs
  14 wolves
  3 kobold brigands
  A phantom (D:12)
  21 bullfrogs
  An earth elemental (Elf:3)
  A wyvern zombie (D:7)
  A glowing shapeshifter simulacrum (Vaults:1)
  2 scorpions
  A water moccasin zombie (D:6)
  A wyvern skeleton (D:7)
  A troll zombie (D:12)
  6 wights
  43 killer bees
  5 electric eels
  3 howler monkeys
  2 lava snakes (Lair:6)
  5 centaur zombies
  3 bullfrog zombies
  2 hounds
  A human zombie (D:5)
  3 jellies (Lair:6)
  2 gnoll shamans
  21 orc priests
  2 bullfrog skeletons
  4 scorpion zombies (D:5)
  4 iguanas
  28 orc wizards
  A killer bee zombie (D:6)
  5 lightning spires (Zot:1)
  7 ogre zombies (D:12)
  2 hound zombies (D:5)
  A mummy (D:5)
  4 howler monkey zombies
  13 adders
  17 gnolls
  2 shadow imps
  3 white imps
  An adder skeleton (D:4)
  An adder zombie (D:5)
  A dart slug (D:1)
  3 worms (D:2)
  94 orcs
  5 ball pythons
  13 endoplasms
  4 giant cockroaches
  5 goblins
  7 hobgoblins
  3 jackals (D:3)
  5 quokkas
  7 bats
  3 frilled lizards
  A goblin skeleton (D:12)
  2 hobgoblin skeletons (D:12)
  7 hobgoblin zombies (D:12)
  24 kobolds
  2 orc skeletons (D:12)
  13 orc zombies (D:12)
  4 rats
2342 creatures vanquished.

Vanquished Creatures (collateral kills)
  A caustic shrike (Depths:3)
  Rupert (Orc:2)
  A vault warden (Vaults:3)
  A spriggan defender (Depths:2)
  An ironbound thunderhulk (Vaults:3)
  A deep elf annihilator (Elf:3)
  A hydra (D:9)
  A vault guard (Vaults:1)
  2 anacondas (Snake:1)
  2 dancing weapons (Elf:2)
  A naga sharpshooter (Snake:1)
  3 deep elf knights (Elf:2)
  A naga ritualist (Snake:1)
  3 ironbound convokers
  2 deep elf zephyrmancers (Elf:2)
  An orc sorcerer (Orc:2)
  A vault sentinel (Vaults:3)
  A yaktaur (Vaults:1)
  2 swamp worms (Lair:2)
  An orc warrior (Orc:2)
  A centaur (D:9)
  An electric eel (Lair:2)
  2 orc priests (Orc:2)
  An orc wizard (Orc:2)
  2 orcs (Orc:2)
35 creatures vanquished.

Vanquished Creatures (others)
  A dread lich (Zot:5)
  2 deep elf zephyrmancers (Elf:1)
  2 deep elf pyromancers
  2 bloated husks
  A hornet (Swamp:4)
  2 spriggans
  A water elemental (Elf:2)
  A hell hound (D:14)
  2 orc wizards
  4 bushes
  6 foxfires
  92 fungi
  157 plants
  5 withered plants (Orc:1)
278 creatures vanquished.

Grand Total: 2655 creatures vanquished

Notes
Turn   | Place    | Note
-------+----------+-------------------------------------------
     0 | D:1      | jjjjhere the Minotaur Berserker began the quest for the
                  | Orb.
     0 | D:1      | Reached XP level 1. HP: 19/19 MP: 0/0
   100 | D:1      | Reached XP level 2. HP: 24/27 MP: 1/1
   244 | D:1      | Reached ** piety under Trog
   398 | D:1      | Reached XP level 3. HP: 33/33 MP: 2/2
   475 | D:1      | Found a faded altar of an unknown god.
   856 | D:2      | Reached skill level 5 in Axes
  1203 | D:2      | Reached XP level 4. HP: 29/41 MP: 3/3
  1208 | D:2      | HP: 20/61 [gnoll/+0 club (5)]
  2115 | D:3      | Reached XP level 5. HP: 47/47 MP: 4/4
  2186 | D:3      | Reached skill level 5 in Fighting
  2516 | D:3      | Reached *** piety under Trog
  2763 | D:4      | Found a transporter.
  2835 | D:4      | HP: 11/48 [orc priest/divine providence (11)]
  3060 | D:4      | Found a shadowy altar of Dithmenos.
  3409 | D:4      | Reached XP level 6. HP: 56/56 MP: 5/5
  3950 | D:4      | Found a transporter.
  4104 | D:4      | Reached XP level 7. HP: 54/63 MP: 6/6
  4308 | D:5      | Entered Level 5 of the Dungeon
  5301 | D:5      | Identified the +10 long sword of Quonn {freeze, rPois Str+4
                  | Dex+2}
  5546 | D:5      | Reached XP level 8. HP: 73/73 MP: 7/7
  5551 | D:5      | Found an ancient bone altar of Kikubaaqudgha.
  5567 | D:5      | Reached skill level 10 in Axes
  5836 | D:6      | Reached **** piety under Trog
  6571 | D:6      | Found a runed translucent gate.
  6571 | D:6      | Found a runed translucent gate.
  6571 | D:6      | Found a runed translucent gate.
  6572 | D:6      | Noticed nerdsy's ghost (novice DDFi)
  6634 | D:6      | Reached XP level 9. HP: 75/82 MP: 8/8
  6693 | D:6      | Found an ornate altar of the Wu Jian Council.
  6693 | D:6      | Found an opulent altar of Gozag.
  6693 | D:6      | Found an iron altar of Okawaru.
  6853 | D:6      | Noticed Menkaure
  6863 | D:6      | Killed Menkaure
  7300 | D:6      | Found a staircase to the Ecumenical Temple.
  7822 | D:7      | Found a runed translucent door.
  7822 | D:7      | Found a shimmering altar of Xom.
  7822 | D:7      | Noticed bronco's ghost (novice HuAK)
  7823 | D:7      | Noticed a +1 long sword of chaos
  7938 | D:7      | Found a flagged portal.
  7992 | Bailey   | Entered a bailey
  8553 | Bailey   | HP: 24/85 [orc warrior/+0 halberd (16)]
  9192 | Bailey   | Reached skill level 10 in Fighting
 10296 | Bailey   | Reached XP level 10. HP: 100/100 MP: 9/9
 10324 | Bailey   | Reached XP level 11. HP: 102/106 MP: 10/10
 11867 | D:8      | Found a hazy altar of Hepliaklqana.
 11868 | D:8      | Found a shimmering altar of Xom.
 11927 | D:8      | Noticed Harold
 11952 | D:8      | Killed Harold
 12023 | D:8      | Found a snail-covered altar of Cheibriados.
 12190 | D:8      | Found a shimmering blue altar of Sif Muna.
 12259 | D:8      | Noticed Prince Ribbit
 12270 | D:8      | Killed Prince Ribbit
 12273 | D:8      | Reached skill level 15 in Fighting
 12887 | D:8      | Found a blossoming altar of Fedhas.
 12887 | D:8      | Found a glowing silver altar of Zin.
 13281 | D:9      | You are sucked into a shaft and drop 2 floors!
 13281 | D:11     | Noticed a green ugly thing
 13526 | D:10     | Entered Level 10 of the Dungeon
 14072 | D:9      | Noticed an eight-headed hydra
 14093 | D:9      | HP: 35/114 [centaur/arrow (10)]
 14094 | D:9      | Killed an eight-headed hydra
 14095 | D:9      | Reached skill level 1 in Throwing
 14325 | D:9      | Noticed a boulder beetle
 14551 | D:9      | Killed a boulder beetle
 14552 | D:9      | Reached XP level 12. HP: 116/122 MP: 11/11
 14737 | D:9      | Found a staircase to the Lair.
 14835 | D:9      | Found a burning altar of Makhleb.
 15158 | Lair:1   | Entered Level 1 of the Lair of Beasts
 16171 | Lair:1   | Reached skill level 5 in Throwing
 16526 | Lair:2   | Noticed Fannar
 16874 | Lair:2   | Reached ***** piety under Trog
 16875 | Lair:2   | Reached skill level 15 in Axes
 17485 | Lair:2   | Killed Fannar
 18518 | Lair:2   | Found a staircase to the Swamp.
 19401 | Lair:3   | Reached XP level 13. HP: 122/129 MP: 12/12
 19639 | Lair:3   | Found an opulent altar of Gozag.
 21115 | Lair:4   | Identified the +0 pair of gloves "Meojeaqi" {+Inv rN++}
 21485 | Lair:4   | Found a staircase to the Snake Pit.
 21882 | Lair:4   | Reached skill level 1 in Evocations
 22303 | Lair:4   | Noticed Nergalle
 22317 | Lair:4   | Killed Nergalle
 23048 | Lair:4   | Received a gift from Trog
 23606 | Lair:4   | Reached skill level 10 in Throwing
 24720 | Lair:5   | Reached XP level 14. HP: 135/138 MP: 13/13
 25091 | Lair:6   | Entered Level 6 of the Lair of Beasts
 25309 | Lair:6   | Found a staircase to the Slime Pits.
 25577 | Lair:6   | Reached skill level 10 in Armour
 26677 | Lair:6   | Identified the +5 glaive of the Crawling Thing {flame,
                  | *Noise rC+ rN+ rCorr}
 26845 | Lair:6   | Identified the +1 scale mail of the Apothecary {Int+4}
 27617 | D:10     | Paralysed by a hornet for 2 turns
 28738 | D:12     | Noticed Sonja
 28742 | D:12     | Noticed Sonja
 28742 | D:12     | Sonja changed into Sonja the golden eye
 28777 | D:12     | Killed Sonja the golden eye
 28886 | D:12     | Found a staircase to the Orcish Mines.
 28946 | D:12     | HP: 46/143 [poisoned by a green ugly thing]
 28951 | D:12     | HP: 36/143 [poisoned by a green ugly thing]
 28956 | D:12     | HP: 35/143 [poisoned by a green ugly thing]
 29270 | D:12     | Reached XP level 15. HP: 120/149 MP: 14/14
 29625 | D:12     | Received a gift from Trog
 29978 | Orc:1    | Entered Level 1 of the Orcish Mines
 29989 | Orc:1    | Noticed an orc warlord
 30596 | D:12     | Killed an orc warlord
 30891 | Orc:1    | Found Xosoicikif's Overcharged Wands.
 31157 | Orc:1    | Found a runed translucent gate.
 31157 | Orc:1    | Found a runed translucent gate.
 31157 | Orc:1    | Found a runed translucent gate.
 31158 | Orc:1    | Noticed billybob123456's ghost (journeyman MiFi)
 31159 | Orc:1    | Noticed nerdsy's ghost (journeyman DDFi)
 31246 | Orc:2    | Entered Level 2 of the Orcish Mines
 31246 | Orc:2    | Found Jaycogun's Distillery.
 31543 | Orc:2    | Found Imeph's Distillery.
 31552 | Orc:2    | Noticed Jorgrun
 31559 | Orc:2    | Killed Jorgrun
 31599 | Orc:2    | Noticed Rupert
 31612 | Orc:2    | Killed Rupert
 31884 | Orc:2    | Received a gift from Trog
 32027 | Orc:2    | Found Postanof's Distillery.
 32234 | Orc:2    | Found a staircase to the Elven Halls.
 32304 | Orc:2    | Found Zorchohu's Distillery.
 32305 | Orc:2    | Found Nyuk's Antique Armour Shoppe.
 32822 | Orc:2    | Found Lyemob's Weapon Boutique.
 32822 | Orc:2    | Found Iwnul's General Store.
 32824 | Orc:2    | Found Urghaprel's Magic Scroll Emporium.
 32824 | Orc:2    | Found Araim's Jewellery Boutique.
 32938 | Orc:2    | Bought a scroll of acquirement for 728 gold pieces
 32938 | Orc:2    | Acquired the +0 kite shield of Laetuten {rN+ Slay+3 SInv}
 32945 | Orc:2    | Bought the +8 lance "Wyrmbane" {slay drac, rPois rF+ rC+
                  | AC+3} for 1131 gold pieces
 32945 | Orc:2    | Found the +8 lance "Wyrmbane" {slay drac, rPois rF+ rC+
                  | AC+3}
 33043 | D:13     | Reached skill level 1 in Shields
 33046 | D:13     | HP: 47/150 [meliai/divine providence (9)]
 33047 | D:13     | Reached skill level 1 in Polearms
 33054 | D:13     | HP: 26/150 [meliai/+0 hand axe (3)]
 33789 | D:13     | Found Zoamur's Blood Bar.
 34009 | D:13     | Found a gate to the Vaults.
 34184 | D:14     | Noticed a sphinx
 34190 | D:14     | Noticed a shadow dragon
 34197 | D:14     | Killed a sphinx
 34223 | D:14     | Killed a shadow dragon
 34224 | D:14     | Reached skill level 5 in Shields
 34507 | D:14     | Received a gift from Trog
 34556 | D:14     | Identified the amulet of Anoyrghio {RegenMP rC- Regen+
                  | rCorr}
 35360 | Orc:2    | Bought a pair of runed boots for 217 gold pieces
 35596 | Swamp:1  | Entered Level 1 of the Swamp
 35986 | Swamp:1  | Reached XP level 16. HP: 146/159 MP: 15/15
 36600 | Swamp:2  | Reached skill level 10 in Shields
 37688 | Swamp:3  | Noticed Bai Suzhen
 37692 | Swamp:3  | Received a gift from Trog
 37720 | Swamp:2  | Killed Bai Suzhen
 37960 | Swamp:3  | Noticed Mara
 37967 | Swamp:3  | Noticed jjjjhere's illusion
 37994 | Swamp:2  | Noticed jjjjhere's illusion
 38005 | Swamp:2  | Killed Mara
 38294 | Swamp:3  | Identified the +5 ice dragon scales of Yesterday {rElec rF-
                  | rC++ Str+5 Int-3 SInv}
 38886 | Swamp:4  | Entered Level 4 of the Swamp
 39010 | Swamp:4  | Found a runed translucent door.
 39088 | Swamp:4  | Reached skill level 15 in Shields
 39520 | Swamp:4  | Reached skill level 15 in Armour
 39526 | Swamp:4  | Noticed the 27-headed Lernaean hydra
 39994 | Swamp:4  | Reached skill level 15 in Throwing
 40035 | Swamp:4  | Reached XP level 17. HP: 156/166 MP: 16/16
 40062 | Swamp:4  | Got a decaying rune of Zot
 40214 | Snake:1  | Entered Level 1 of the Snake Pit
 40214 | Snake:1  | Noticed Agnes
 40230 | Lair:4   | Killed Agnes
 40812 | Snake:1  | Received a gift from Trog
 41266 | Snake:1  | Noticed Aizul
 41282 | Snake:1  | Killed Aizul
 41867 | Snake:1  | Found Sockokk's Jewellery Shoppe.
 41869 | Snake:1  | Found Corextei's Assorted Antiques.
 41869 | Snake:1  | Found Zidits's Antique Weapon Emporium.
 41874 | Snake:1  | Found Raodwuke's Magic Scroll Emporium.
 41886 | Snake:1  | Bought a scroll of identify for 20 gold pieces
 42230 | Snake:1  | Reached skill level 5 in Evocations
 43345 | Snake:2  | Reached ****** piety under Trog
 44498 | Snake:3  | Found a bloodstained altar of Trog.
 44525 | Snake:3  | Reached XP level 18. HP: 178/178 MP: 17/17
 44716 | Snake:3  | Received a gift from Trog
 44825 | Snake:3  | Noticed Vashnia
 44849 | Snake:3  | Killed Vashnia
 45141 | Snake:3  | Reached skill level 10 in Dodging
 45372 | Snake:3  | Noticed Saint Roka
 45398 | Snake:3  | Killed Saint Roka
 46240 | Snake:3  | Received a gift from Trog
 46578 | Snake:4  | Entered Level 4 of the Snake Pit
 49601 | Snake:4  | Received a gift from Trog
 50508 | Snake:4  | Reached XP level 19. HP: 152/189 MP: 18/18
 50635 | Snake:4  | Got a serpentine rune of Zot
 51048 | Vaults:1 | Entered Level 1 of the Vaults
 51205 | Vaults:1 | Received a gift from Trog
 52018 | Vaults:1 | Received a gift from Trog
 52877 | Vaults:1 | Found Fijaagas's Antique Weapon Shop.
 53467 | Vaults:2 | Found Yner's Distillery.
 53715 | Vaults:2 | Received a gift from Trog
 54208 | Vaults:2 | Reached XP level 20. HP: 91/202 MP: 19/19
 55097 | Vaults:2 | Received a gift from Trog
 56278 | Vaults:3 | Received a gift from Trog
 56356 | Vaults:3 | Found a flickering gateway to a bazaar.
 56361 | Bazaar   | Entered a bazaar
 56365 | Bazaar   | Found Wymed's Book Boutique.
 56399 | Bazaar   | Found Obinynk's Book Emporium.
 56457 | Bazaar   | Found Tujumaq's Jewellery Shoppe.
 56512 | Bazaar   | Found Vuoduul's General Store.
 56542 | Bazaar   | Found Pus Osin's Distillery.
 56576 | Bazaar   | Bought a +4 ring of slaying for 780 gold pieces
 56763 | Vaults:3 | Found a basalt altar of Yredelemnul.
 56764 | Vaults:3 | Found a staircase to the Crypt.
 56882 | Vaults:3 | Found an ancient bone altar of Kikubaaqudgha.
 57925 | Vaults:4 | Noticed Donald
 57945 | Vaults:4 | Killed Donald
 59248 | Vaults:4 | Received a gift from Trog
 59391 | Vaults:4 | Reached XP level 21. HP: 213/213 MP: 20/20
 60104 | D:14     | Noticed Azrael
 60117 | D:14     | Killed Azrael
 60531 | D:15     | Entered Level 15 of the Dungeon
 60904 | D:15     | Noticed Josephine
 60909 | D:15     | Killed Josephine
 60984 | D:15     | Found a staircase to the Depths.
 61367 | D:15     | Found a sacrificial altar of Ru.
 61469 | Depths:1 | Entered Level 1 of the Depths
 61477 | Depths:1 | Received a gift from Trog
 61973 | Depths:1 | Found Xidgheul's Weapon Shop.
 61992 | Depths:1 | Noticed the Enchantress
 62020 | D:15     | Killed the Enchantress
 62944 | Depths:1 | Received a gift from Trog
 62987 | Depths:1 | Found a one-way gate to the infinite horrors of the Abyss.
 63417 | Depths:1 | Found a gateway to Hell.
 63681 | Depths:1 | Found a hazy altar of Hepliaklqana.
 63895 | Depths:2 | Found a one-way gate leading to the halls of Pandemonium.
 64509 | Depths:2 | Reached skill level 15 in Dodging
 64627 | Depths:2 | Found a radiant altar of Vehumet.
 64665 | Depths:2 | Received a gift from Trog
 64779 | Depths:2 | Found a runed translucent door.
 64781 | Depths:2 | Noticed a juggernaut
 65242 | Depths:3 | Noticed Louise
 65276 | Depths:3 | Killed Louise
 65545 | Depths:3 | Noticed a caustic shrike
 65545 | Depths:3 | Noticed a caustic shrike
 65545 | Depths:3 | Noticed a caustic shrike
 65550 | Depths:3 | Noticed a caustic shrike
 65556 | Depths:3 | Killed a caustic shrike
 65563 | Depths:3 | Noticed a caustic shrike
 65568 | Depths:3 | HP: 69/217 [caustic shrike (17)]
 65890 | Depths:3 | Reached XP level 22. HP: 226/226 MP: 21/21
 66822 | Depths:3 | Killed a caustic shrike
 66847 | Depths:2 | HP: 74/226 [acid (5)]
 66853 | Depths:2 | HP: 68/226 [caustic shrike (15)]
 67003 | Depths:2 | Killed a caustic shrike
 67217 | Depths:2 | Killed a caustic shrike
 67351 | Depths:3 | Killed a caustic shrike
 67916 | Depths:3 | Found a runed door.
 67995 | Depths:4 | Entered Level 4 of the Depths
 68229 | Depths:4 | Noticed a juggernaut
 68249 | Depths:4 | Killed a juggernaut
 68417 | Depths:4 | Noticed a golden dragon
 68427 | Depths:4 | Killed a golden dragon
 68427 | Depths:4 | Received a gift from Trog
 69778 | Depths:4 | Found a one-way gateway to a ziggurat.
 69928 | Depths:4 | Found a gate to the Realm of Zot.
 69928 | Depths:4 | Noticed a golden dragon
 70330 | Depths:4 | Killed a golden dragon
 70494 | Depths:4 | Paralysed by a floating eye for 4 turns
 71220 | Snake:1  | Bought a scroll of blinking for 75 gold pieces
 71220 | Snake:1  | Bought a scroll of teleportation for 30 gold pieces
 71220 | Snake:1  | Bought a scroll of teleportation for 30 gold pieces
 71220 | Snake:1  | Bought a scroll of blinking for 75 gold pieces
 71478 | Elf:1    | Entered Level 1 of the Elven Halls
 71501 | Elf:1    | Received a gift from Trog
 71577 | Elf:1    | Found a radiant altar of Vehumet.
 71674 | Elf:1    | Paralysed by an air elemental for 1 turns
 72021 | Elf:1    | You are sucked into a shaft and drop 1 floor!
 72021 | Elf:2    | Noticed Asterion
 72027 | Elf:2    | Reached XP level 23. HP: 212/237 MP: 22/22
 72035 | Elf:2    | Killed Asterion
 72278 | Elf:2    | Found a runed translucent gate.
 72278 | Elf:2    | Found a runed translucent gate.
 72278 | Elf:2    | Found a runed translucent gate.
 72506 | Elf:2    | Paralysed by an air elemental for 1 turns
 72540 | Elf:2    | Found Xovvyrgh's Antique Weapon Shoppe.
 72589 | Elf:2    | Paralysed by an air elemental for 1 turns
 73370 | Elf:2    | Paralysed by an air elemental for 1 turns
 73398 | Elf:2    | Received a gift from Trog
 73604 | Elf:2    | Found a shimmering blue altar of Sif Muna.
 74054 | Elf:3    | Entered Level 3 of the Elven Halls
 74244 | Elf:3    | Found Ynylus's Jewellery Boutique.
 74298 | Elf:3    | Received a gift from Trog
 74328 | Elf:3    | Found Ametir's Jewellery Shop.
 74342 | Elf:3    | Found Ziamp's Magic Scroll Emporium.
 74428 | Elf:3    | Found Hieniz's Antique Weapon Shoppe.
 75017 | Elf:3    | Received a gift from Trog
 75835 | Elf:3    | Identified the +0 buckler "Mugeut" {rC- Int+10 Slay-6}
 75977 | Elf:3    | Identified the +2 leather armour "Hero's Friend" {Harm
                  | rCorr Int+3 Dex-5}
 76048 | Elf:3    | Found Vipnohy's Assorted Antiques.
 76421 | Vaults:5 | Entered Level 5 of the Vaults
 76594 | Vaults:4 | Reached skill level 27 in Fighting
 76808 | Vaults:5 | Reached skill level 10 in Evocations
 77191 | Vaults:5 | Reached XP level 24. HP: 232/249 MP: 22/22
 77283 | Vaults:5 | Received a gift from Trog
 77527 | Vaults:5 | Noticed an ancient lich
 77528 | Vaults:5 | Paralysed by a sphinx for 7 turns
 77537 | Vaults:5 | Killed an ancient lich
 77537 | Vaults:5 | Noticed an ancient lich
 77543 | Vaults:5 | Killed an ancient lich
 77622 | Vaults:5 | Found Piuzeaj's Magic Scroll Shop.
 78510 | Vaults:5 | Found Daafixer's Distillery.
 78525 | Vaults:5 | Got a silver rune of Zot
 78548 | Vaults:5 | Noticed an ancient lich
 78564 | Vaults:5 | Killed an ancient lich
 78804 | Vaults:5 | Noticed a dread lich
 78819 | Vaults:5 | Killed a dread lich
 78836 | Vaults:5 | Received a gift from Trog
 79450 | Vaults:5 | Identified the +0 chain mail of Gravity {Str+4}
 79465 | Vaults:5 | Identified the +1 robe of Boredom {Int+6}
 80005 | Zot:1    | Entered Level 1 of the Realm of Zot
 81896 | Zot:1    | Reached XP level 25. HP: 234/257 MP: 22/22
 83098 | Zot:2    | Identified the +5 broad axe "Cixke" {antimagic, Dex+4}
                  | (Trog gifted it to you on level 2 of the Realm of Zot)
 83098 | Zot:2    | Received a gift from Trog
 84995 | Zot:3    | Acquired the +0 pair of gloves of Hide-and-Seek {+Blink
                  | Dex+5}
 85599 | Zot:4    | Received a gift from Trog
 87434 | Zot:5    | Entered Level 5 of the Realm of Zot
 88258 | Zot:5    | Noticed a Killer Klown
 88390 | Zot:5    | Noticed an orb of fire
 88407 | Zot:4    | Killed an orb of fire
 88508 | Zot:5    | Killed a Killer Klown
 89161 | Zot:5    | Reached XP level 26. HP: 266/266 MP: 22/22
 89375 | Zot:5    | Noticed a dread lich
 89388 | Zot:5    | Killed a dread lich
 89389 | Zot:5    | Noticed an orb of fire
 89392 | Zot:5    | Noticed an orb of fire
 89402 | Zot:4    | Killed an orb of fire
 89403 | Zot:4    | Reached skill level 15 in Evocations
 89498 | Zot:5    | Killed an orb of fire
 89556 | Zot:5    | Noticed an orb of fire
 89569 | Zot:5    | Noticed an ancient lich
 89572 | Zot:5    | Killed an orb of fire
 89666 | Zot:5    | Noticed a dread lich
 89677 | Zot:5    | Noticed an ancient lich
 89678 | Zot:5    | Killed a dread lich
 89688 | Zot:5    | Killed an ancient lich
 89817 | Zot:5    | Noticed a dread lich
 89831 | Zot:5    | Killed an ancient lich
 89840 | Zot:5    | Killed a dread lich
 89841 | Zot:5    | Reached skill level 27 in Armour
 91186 | Zot:5    | Noticed an ancient lich
 91826 | Zot:5    | Got the Orb of Zot
 92052 | Depths:4 | Noticed Ydynief the pandemonium lord
 92107 | Depths:2 | Gained mutation: Armour fits poorly on your strangely
                  | shaped body. [a cacodemon]
 92629 | D:1      | woo
 92629 | D:1      | MiBe classic
 92629 | D:1      | way easier than caster
 92629 | D:1      | wyrmbane got pretty strong at the end, though i missed axes
                  | a few times.
 92630 | D:$      | Escaped with the Orb!

Illustrated notes

.# #.##..............(.##.#.#
.# #.##..........##....##...#
.# #.##.......#...#.........#
.# #.##.......#..........)..##
.#
#.#####...#...............###
.## #.# #...................##.
..# #.# #...########...........
#.# #.# #################..##..
#.###.# ######@...#######......
#...#.# #>8≈≈'.|..'≈≈≈>##......
###.#.#
#######.88.#######...###
#.#.####.♣♣♣♣#....#♣♣......## #
#
#...#........##''##♣........###
#
#.........................#...(
#
#...........##..##........#....
#
#.#............................
#
#.#.........##.######.####.####


Turn 92629 on D:1: woo

Levels and vault maps discovered:
D:1:      sevenhm_arrival_forest_fort_small_6, layout_rooms,
          shapermc_ecumenical_altar_hornbeckon, minmay_misc_feat_five
D:2:      layout_rooms, st_stairs_2
D:3:      layout_loops_ring
D:4:      gammafunk_steamed_eel, layout_loops_corners,
          nicolae_dithmenos_the_darkroom
D:5:      layout_basic, lemuel_mausoleum_altar_kikubaaqudgha, dk_noncrumbling_3
D:6:      layout_basic, gammafunk_temple_overflow_claw,
          minmay_temple_entry_enclosed_plants, gammafunk_ghost_necromancy,
          minmay_fractal_squares_diagonal_5, uniq_menkaure
D:7:      layout_basic, ebering_ghost_xom, enter_bailey_8,
          minmay_shattered_shrine
D:8:      layout_loops_ring, regret_index_temple_of_mockery,
          overflow_temple_1_default, nicolae_overflow_hidden_temple,
          lemuel_doored_altar, chequers_serial_rivers_micro_e, glass_columns_a,
          uniq_prince_ribbit1, uniq_harold
D:9:      layout_irregular_city, lemuel_round_altar, minmay_lair_entry_grove,
          hangedman_decor_points, eino_tiny_chamber, minmay_chambers_of_fives
D:10:     layout_roguey, minmay_librarian
D:11:     layout_roguey
D:12:     layout_big_octagon, zombieorc2_lemuel, uniq_sonja
D:13:     layout_loops_ring, david_vaults_1, guppyfry_shop_blood
D:14:     minmay_strange_plus, layout_basic, uniq_azrael
D:15:     hangedman_depths_entry_civil_slaughter, layout_basic,
          nicolae_ru_the_path_less_chosen, uniq_josephine
Lair:1:   layout_hall_layers, gauntlet_entry_generic, minmay_stone_trees_small,
          lemuel_fruit_tree, grunt_megastairs_5
Lair:2:   layout_small_grid, nicolae_swamp_entry_splash_gauntlet,
          serial_bayou_shore_b, uniq_fannar
Lair:3:   beast_lair_carwin_large_4, layout_layer_cave, basic_altar,
          minivault_25
Lair:4:   statuecave_lemuel, layout_regular_city,
          minmay_snake_entry_guardpost_small,
          portal_ice_cave_entry_animals_and_master, uniq_nergalle
Lair:5:   layout_roguey [special_room_bee], cheibrodos_lair_reptile_den
Lair:6:   gammafunk_lair_ancient_temple, layout_gridlike,
          nicolae_slime_entry_slimehenge, kilobyte_rumbling_trees
Swamp:1:  layout_basic_swamp, nicolae_swamp_tree_designs
Swamp:2:  layout_basic_swamp, evilmike_swamp_ruin_house_6, swamp_pool2
Swamp:3:  layout_basic_swamp, hangedman_swamp_lotus, uniq_bai_suzhen, uniq_mara
Swamp:4:  swamp_old_school, layout_basic_swamp, ebering_ghost_xom
Snake:1:  layout_onion, st_stairs_8, nicolae_snake_mages_go_home,
          minmay_shoptagon, grunt_megastairs_3, uniq_agnes, uniq_aizul
Snake:2:  layout_basic, drop_trap, grunt_ministairs_13, nicolae_snake_squiggles
Snake:3:  layout_layer_cave, basic_altar, nicolae_snake_round_shape_thing,
          uniq_saint_roka, uniq_vashnia
Snake:4:  snake_pit_salamanders_mu, layout_gridlike,
          nicolae_snake_scaly_snakehead
Orc:1:    layout_caves, gammafunk_ghost_cemetery,
          nicolae_shop_overcharged_wands, uniq_snorg
Orc:2:    grunt_orc_tribal_feast, layout_caves, serial_shops, shop,
          nicolae_shop_hallway_plus, nicolae_shop_behind_doors, shop_fountains,
          nicolae_shop_statue_plus, uniq_rupert, uniq_jorgrun
Elf:1:    eino_elf_arrival_altar, layout_loops_cross, hangedman_elf_represent,
          due_unseen_surprise
Elf:2:    nicolae_elf_blades_splatter_lattice [nooodl_blade_entry_preview],
          layout_geoelf_diagonals, special_room [special_room_orc],
          serial_shops, shop, nicolae_wwwww, hangedman_summoners_spam,
          uniq_asterion
Elf:3:    grunt_elf_hall_branching, layout_geoelf_castle, serial_shops,
          nicolae_shop_window_shopping, nicolae_shop_trees, shop,
          nicolae_lakefront_shop, nicolae_shop_advertising_works
          [nicolae_subvault_shop_adworks]
Vaults:1: nicolae_vaults_quartermaster, grunt_vaults_twisty, v_pattern_2,
          vaults_standard_mumra_enter_the_diamond,
          ontoclasm_vaults_claustrophobia, nicolae_vaults_asterisk,
          nicolae_vaults_twisting_passages, ontoclasm_vaults_eye,
          v_alt_pattern_4, nicolae_vaults_little_squares_6,
          ontoclasm_vaults_idyll, hangedman_vaults_slither,
          layout_vaults_omnibox, serial_shops, shop
Vaults:2: vaults_room_fancy_cross, v_misc_29, st_cross, grunt_vaults_bifocal,
          v_misc_25, v_misc_11, hangedman_vaults_pinch, grunt_vaults_trifunnel,
          v_rooms_6, vaults_room_octagon, hangedman_vaults_stitches,
          vaults_room_hallway, v_misc_16, ontoclasm_vaults_loading_screen,
          nicolae_vaults_little_squares_1, nicolae_vaults_angled_halls,
          nicolae_vaults_rhombus_7, layout_vaults_maze, serial_shops, shop
Vaults:3: v_misc_3, minmay_crypt_entry_necro_gods, vaults_dpeg_spiral,
          v_alt_pattern_5, vaults_mumra_hexcomb, nicolae_vaults_rhombus_6,
          layout_vaults_omnigrid, serial_shops, bzr_entry_road
Vaults:4: v_alt_pattern_3, nicolae_vaults_shelves_hall,
          nicolae_vaults_three_branches, hangedman_vaults_maws, v_misc_28,
          nicolae_vaults_circle_grid_a, ontoclasm_vaults_shuriken, v_rooms_6,
          layout_vaults_chaotic_city, uniq_donald
Vaults:5
Depths:1: layout_long_grid, hangedman_abyss_entry_splay,
          grunt_hell_entry_dis_old, nrook_mini_backslash, serial_shops,
          nicolae_shop_bloodbath_and_beyond,
          nicolae_hepliaklqana_monster_ancestors, uniq_enchantress
Depths:2: minmay_gate_of_8, layout_cave_pools, nicolae_vehumet_radiance,
          pan_entry, hell_entry, abyss_entry_small_statue_room,
          minmay_hedge_maze, infiniplex_staircase_pool_2
Depths:3: evilmike_wizard_prison, layout_gridlike, serial_bayou_lagoon_a,
          hellmouth_1, nicolae_abyss_entry_one_way_or_another
Depths:4: grunt_runaround [grunt_runaround_doors_1, grunt_runaround_doors_2,
          grunt_runaround_doors_3, grunt_runaround_doors_4,
          grunt_runaround_zot], hell_entry
Zot:1:    evilmike_crystal_ball_defense, layout_twisted_circle,
          grunt_ministairs_14
Zot:2:    layout_misc_corridors, lemuel_baited_zot_trap
Zot:3:    layout_gridlike
Zot:4:    layout_cathedral_of_symmetry
Zot:5:    layout_basic

Skill      XL: |  1  2  3  4  5  6  7  8  9 10 11 12 13 14 15 16 17 18 19 20 21 22 23 24 25 26 |
---------------+-------------------------------------------------------------------------------+-----
Axes           | 4 5 6 7 8 9 12 14 15 17 | 17.5
Fighting       | 4 5 6 7 8 12 16 18 19 21 22 23 25 26 27 | 27.0
Armour         | 7 8 9 12 13 15 16 18 20 21 23 24 25 26 27 | 27.0
Dodging        | 6 7 8 9 12 13 15 17 18 20 22 23 | 23.0
Throwing       | 2 7 10 12 13 15 16 | 16.0
Evocations     | 2 5 7 10 12 14 16 | 16.0
Shields        | 8 15 17 19 23 24 | 24.0
Polearms       | 3 |  3.4

Action                   |  1- 3 |  4- 6 |  7- 9 | 10-12 | 13-15 | 16-18 | 19-21 | 22-24 | 25-27 || total
-------------------------+-------+-------+-------+-------+-------+-------+-------+-------+-------++-------
Melee: Hand axe          |    71 |   135 |   356 |   557 |   216 |       |       |       |       ||  1335
       Headbutt          |    13 |    23 |    64 |   116 |   259 |   342 |   574 |   409 |   250 ||  2050
       Punch             |       |     1 |     7 |    10 |     4 |       |       |       |       ||    22
       Battleaxe         |       |       |       |       |   608 |       |       |       |       ||   608
       Glaive            |       |       |       |       |     3 |       |       |       |       ||     3
       Lance             |       |       |       |       |   237 |  1709 |  1962 |  1703 |   844 ||  6455
Throw: Throwing net      |       |       |     1 |       |     3 |     1 |       |     2 |       ||     7
       Dart              |       |       |       |     4 |     1 |       |       |       |       ||     5
       Javelin           |       |       |       |    10 |   122 |    17 |    96 |    76 |    34 ||   355
       Boomerang         |       |       |       |       |    58 |   312 |    85 |     3 |     7 ||   465
Invok: Berserk           |       |     3 |     3 |     6 |     5 |     3 |     1 |     1 |     4 ||    26
       Trog's Hand       |       |     1 |     2 |     6 |    12 |     7 |    10 |    13 |     9 ||    60
       Brothers in Arms  |       |       |       |     2 |     2 |     1 |     5 |     2 |       ||    12
Evoke: Wand              |       |       |     1 |       |     8 |       |       |     1 |       ||    10
       Box of beasts     |       |       |       |       |       |       |       |     2 |       ||     2
       Condenser vane    |       |       |       |       |       |       |       |     2 |       ||     2
  Use: Scroll            |       |       |     7 |     3 |    18 |     5 |     5 |    10 |     6 ||    54
       Potion            |       |       |     1 |     1 |     3 |       |     1 |     1 |     1 ||     8
 Stab: Distracted        |       |       |       |       |       |     1 |     1 |       |       ||     2
       Invisible         |       |       |       |       |       |       |       |     1 |       ||     1
Armor: Animal skin       |     9 |     5 |       |       |       |       |       |       |       ||    14
       Ring mail         |       |    24 |    45 |       |       |       |       |       |       ||    69
       Chain mail        |       |       |    93 |     2 |       |       |       |       |       ||    95
       Plate armour      |       |       |       |   268 |   543 |    40 |       |       |       ||   851
       Storm dragon scal |       |       |       |       |       |   361 |   440 |   300 |       ||  1101
       Gold dragon scale |       |       |       |       |       |       |       |    17 |   174 ||   191
Dodge: Dodged            |    31 |    68 |   144 |   181 |   391 |   295 |   323 |   314 |   161 ||  1908
Block: Other             |       |       |       |    54 |   183 |       |       |       |       ||   237
       Reflection        |       |       |       |       |    31 |   108 |   100 |    90 |    12 ||   341
       Kite shield       |       |       |       |       |   106 |   845 |   873 |   672 |   335 ||  2831
